 Dungeon Crawl Stone Soup version 0.22.0-49-gab54619674 (webtiles) character file.

17829 IceCat the Martial Artist (level 12, -9/91 (92) HPs)
             Began as a Gnoll Transmuter on Sept 7, 2018.
             Was a Follower of Cheibriados.
             Hit by a large rock thrown by a cyclops (42 damage)
             ... on level 1 of the Orcish Mines.
             The game lasted 01:27:22 (15631 turns).

IceCat the Martial Artist (Gnoll Transmuter)       Turns: 15631, Time: 01:27:23

HP:   -9/91 (92)    AC:  6    Str: 18    XL:     12   Next: 52%
MP:   24/24         EV: 17    Int: 26    God:    Cheibriados [*.....]
Gold: 695           SH:  0    Dex: 18    Spells: 11/28 levels left

rFire    . . .     SeeInvis .     - Unarmed
rCold    . . .     Gourm    .   (no shield)
rNeg     . . .     Faith    +   k - +0 ring mail
rPois    +         Spirit   .   (no helmet)
rElec    .         Reflect  .   (no cloak)
rCorr    .         Harm     .   (no gloves)
MR       .....                  (no boots)
Stlth    ++++......             l - amulet of faith
HPRegen  0.25/turn              G - ring of poison resistance
MPRegen  0.19/turn              C - ring "Otricheu" {Int+7 Stlth+}

@: very slow
A: distributed training, fangs 1, hooves 1, deterioration 1, strong nose
a: Bend Time, Renounce Religion


You were on level 1 of the Orcish Mines.
You worshipped Cheibriados.
Cheibriados was aware of your devotion.
You were not hungry.

You visited 4 branches of the dungeon, and saw 15 of its levels.

You collected 695 gold pieces.

Inventory:

Hand Weapons
 H - the +3 long sword "Wikkexki" {protect, Int+4}
   (You found it on level 9 of the Dungeon)

   It protects the one who uses it against injury (+AC on strike).
   It affects your intelligence (+4).
Missiles
 a - 182 arrows
 A - a poisoned tomahawk (quivered)
 O - 5 steel tomahawks
 P - 2 throwing nets
Armour
 b - a +0 robe
 k - a +0 ring mail (worn)
Magical Staves
 r - an uncursed staff of wizardry
 S - an uncursed staff of summoning
Jewellery
 l - an amulet of faith (around neck)
 s - a +6 ring of strength
 y - an uncursed ring of see invisible
 C - the ring "Otricheu" (right hand) {Int+7 Stlth+}
   (You found it on level 6 of the Dungeon)

   [ring of stealth]

   It affects your intelligence (+7).
   It makes you more stealthy.
 G - a ring of poison resistance (left hand)
 Q - an uncursed ring of stealth {unknown}
Wands
 v - a wand of acid (8)
 L - a wand of scattershot (5)
 N - a wand of disintegration (16)
 R - a wand of clouds (12)
Scrolls
 c - 3 scrolls of identify
 e - 5 scrolls of enchant weapon
 i - 6 scrolls of remove curse
 m - 3 scrolls of amnesia
 n - 4 scrolls of teleportation
 p - 2 scrolls of enchant armour
 w - 2 scrolls of fear {unknown}
 D - a scroll of noise
 F - 3 scrolls of random uselessness {unknown}
 I - a scroll of magic mapping {unknown}
Potions
 f - 2 potions of magic
 g - a potion of berserk rage {unknown}
 h - a potion of curing
 j - 4 potions of heal wounds {unknown}
 o - a potion of might
 q - 2 potions of haste
 t - a potion of lignification {unknown}
 u - 4 potions of agility
 z - a potion of flight {unknown}
 B - a potion of mutation
 E - 2 potions of brilliance {unknown}
 J - 2 potions of cancellation {unknown}
 K - 3 potions of degeneration {unknown}
 M - a potion of resistance {unknown}
Comestibles
 d - 13 rations
 x - 6 chunks of flesh


   Skills:
 + Level 7.7 Fighting
 + Level 7.2 Short Blades
 + Level 7.2 Long Blades
 + Level 7.2 Axes
 + Level 7.2 Maces & Flails
 + Level 7.2 Polearms
 + Level 7.2 Staves
 + Level 7.2 Slings
 + Level 7.2 Bows
 + Level 7.2 Crossbows
 + Level 7.2 Throwing
 + Level 7.2 Armour
 + Level 8.6 Dodging
 + Level 7.2 Stealth
 + Level 7.2 Shields
 + Level 9.8 Unarmed Combat
 + Level 8.9 Spellcasting
 + Level 6.0 Conjurations
 + Level 6.0 Hexes
 + Level 6.0 Charms
 + Level 6.0 Summonings
 + Level 6.0 Necromancy
 + Level 6.0 Translocations
 + Level 7.2 Transmutations
 + Level 6.0 Fire Magic
 + Level 6.0 Ice Magic
 + Level 6.0 Air Magic
 + Level 6.0 Earth Magic
 + Level 6.0 Poison Magic
 + Level 7.9 Invocations
 + Level 7.2 Evocations


You had 11 spell levels left.
You knew the following spells:

 Your Spells              Type           Power        Failure   Level  Hunger
a - Beastly Appendage     Tmut           #####.       1%          1    None
b - Animate Skeleton      Necr           N/A          1%          1    None
c - Sticks to Snakes      Tmut           #####...     1%          2    None
d - Blade Hands           Tmut           #####.....   12%         5    ####...
e - Summon Ice Beast      Ice/Summ       #####...     7%          4    #......
f - Summon Lightning Spi  Summ/Air       #####...     7%          4    #......

Your spell library contained the following spells:

 Spells                   Type           Power        Failure   Level  Hunger
 Apportation              Tloc           #####.       1%          1    None
 Magic Dart               Conj           ####         1%          1    None
 Pain                     Necr           ####         1%          1    None
 Summon Butterflies       Summ           #####...     1%          1    None
 Summon Small Mammal      Summ           ####         1%          1    None
 Call Imp                 Summ           #####...     1%          2    None
 Sublimation of Blood     Necr           #####.....   1%          2    None
 Call Canine Familiar     Summ           #####...     1%          3    None
 Lesser Beckoning         Tloc           #####.....   1%          3    None
 Spider Form              Tmut/Pois      #####.....   1%          3    None
 Summon Guardian Golem    Hex/Summ       #####...     1%          3    None
 Tukima's Dance           Hex            #####...     1%          3    None
 Vampiric Draining        Necr           #####.....   1%          3    None
 Ice Form                 Ice/Tmut       #####...     5%          4    #......
 Cause Fear               Hex            #####.....   7%          4    #......
 Alistair's Intoxication  Tmut/Pois      #####...     16%         5    ####...
 Yara's Violent Unravell  Hex/Tmut       #####.....   16%         5    ####...
 Bolt of Draining         Conj/Necr      #####.....   19%         5    ####...
 Borgnjor's Vile Clutch   Necr/Erth      #####.....   19%         5    ####...
 Dispel Undead            Necr           #####...     19%         5    ####...
 Silence                  Hex/Air        #####.....   19%         5    ####...
 Death Channel            Necr           #####.....   71%         6    ######.
 Deflect Missiles         Chrm/Air       #####.....   71%         6    ######.
 Invisibility             Hex            #####...     71%         6    ######.
 Simulacrum               Ice/Necr       #####.....   71%         6    ######.
 Haunt                    Necr/Summ      #####.....   99%         7    #######
 Borgnjor's Revivificati  Necr           #####.....   100%        8    #######
 Death's Door             Chrm/Necr      #####.....   100%        8    #######
 Discord                  Hex            #####.....   100%        8    #######
 Infestation              Necr           #####.....   100%        8    #######
 Necromutation            Tmut/Necr      #####.....   100%        8    #######


Dungeon Overview and Level Annotations

Branches:
Dungeon (10/15)            Temple (1/1) D:5            Lair (3/6) D:9
  Swamp (0/4) Lair:2       Spider (0/4) Lair:2          Orc (1/2) D:9

Altars:
Ashenzari
Cheibriados
Dithmenos
Elyvilon
Fedhas
Gozag
Hepliaklqana
Kikubaaqudgha
Makhleb
Nemelex Xobeh
Okawaru
Qazlal
Ru
Sif Muna
Trog
Uskayaw
Vehumet
Wu Jian
Xom
Yredelemnul
Zin
The Shining One

Annotations:
Lair:2 3 runed doors, Americanboy's ghost, journeyman MiBe


Innate Abilities, Weirdness & Mutations

Your experience applies equally to all skills.
You have very sharp teeth.
Your uncanny sense of smell can sniff out nearby items.
You have large cloven feet.
Your body sometimes deteriorates upon taking damage.


Message History

The warg misses you.
The orc wizard casts a spell.
The orc wizard blinks!
You punch the warg!
You kill the warg!
Cheibriados appreciates the change of pace.
A cyclops comes into view.
The cyclops shouts!
The orc wizard barely misses you.
The cyclops throws a large rock.
The large rock hits you!! The orc wizard misses you.
You see here a large rock.
You punch the orc wizard!
You kill the orc wizard!
Cheibriados appreciates the change of pace.
The cyclops throws a large rock.
The large rock hits you!!
You see here a large rock.
Things that are here:
a ring mail; a short sword The cyclops throws a large rock.
The large rock hits you!!!
You die...

###...............
#.................
........>.........#
...(.....)..#......
...(..)(...........
...)....(†.........
.......(..........#
......)...[#......#
...C......@......#
...>.......).....#
#...............##
.........[..#.###
...........###
.......##.## ......
### ..... ..


You could see a cyclops.

Vanquished Creatures
  2 two-headed ogres (D:9)
  A deep elf mage (D:10)
  An orc sorcerer (D:9)
  A black mamba (Lair:2)
  2 komodo dragons
  Grinder (D:4)
  4 blink frogs
  A wyvern (D:9)
  12 yaks
  A steam dragon (D:9)
  A warg (Orc:1)
  2 water moccasins
  2 sky beasts
  A porcupine (Lair:2)
  3 orc warriors (D:9)
  A black bear (D:6)
  4 phantoms
  2 necrophages
  6 ogres
  10 wolves
  2 centaurs
  5 crocodiles
  A big kobold (D:9)
  8 bullfrogs
  A wyvern zombie (D:10)
  A scorpion (D:9)
  A bullfrog zombie (D:4)
  A howler monkey (D:6)
  A crimson imp (D:5)
  3 centaur skeletons
  A centaur zombie (D:7)
  3 jellies
  10 orc priests
  2 hounds
  2 bullfrog skeletons (D:6)
  8 orc wizards
  4 worker ants
  Terence (D:3)
  2 hound zombies
  A hound skeleton (D:4)
  A worker ant zombie (D:7)
  4 gnolls (D:3)
  12 adders
  2 shadow imps
  2 oozes (D:7)
  An adder skeleton (D:3)
  2 worms
  2 dart slugs
  5 leopard geckos
  39 orcs
  7 bats
  3 giant cockroaches
  6 goblins
  7 hobgoblins
  2 jackals (D:6)
  5 quokkas
  A ball python (D:3)
  3 frilled lizards
  15 kobolds
  7 rats
242 creatures vanquished.

Vanquished Creatures (collateral kills)
  3 hydras
  Harold (Lair:1)
  3 two-headed ogres
  A cyclops (D:10)
  A black mamba (Lair:3)
  5 spiny frogs
  2 rime drakes
  3 komodo dragons
  A hippogriff (D:10)
  4 blink frogs
  11 yaks
  A hungry ghost (D:8)
  2 wyverns
  4 vampire mosquitoes (Lair:2)
  3 water moccasins
  2 orc warriors
  5 porcupines
  A necrophage (D:10)
  3 ogres
  5 wolves (Lair:3)
  2 crocodiles
  4 bullfrogs
  A scorpion (D:10)
  A howler monkey (D:6)
  2 jellies
  2 hounds
  3 orc wizards
  An orc priest (D:10)
  2 iguanas
  A hound skeleton (D:9)
  A worker ant zombie (D:9)
  18 orcs
  2 fungi
101 creatures vanquished.

Vanquished Creatures (others)
  A fungus (Lair:3)
  2 plants (Lair:3)
3 creatures vanquished.

Grand Total: 346 creatures vanquished

Notes
Turn   | Place    | Note
-------+----------+-------------------------------------------
     0 | D:1      | IceCat the Gnoll Transmuter began the quest for the Orb.
     0 | D:1      | Reached XP level 1. HP: 17/17 MP: 6/6
   135 | D:1      | Reached XP level 2. HP: 21/23 MP: 7/7
   631 | D:1      | Reached XP level 3. HP: 28/28 MP: 9/9
   680 | D:2      | Reached skill level 5 in Spellcasting
   791 | D:2      | Reached skill level 1 in Invocations
   831 | D:2      | Found an ancient bone altar of Kikubaaqudgha.
   865 | D:2      | Found a deep blue altar of Sif Muna.
   866 | D:2      | Found a radiant altar of Vehumet.
   878 | D:2      | Identified Vehumet's Reference Book on Confrontation
   897 | D:2      | Became a worshipper of Kikubaaqudgha
  1100 | D:2      | Reached skill level 1 in Short Blades
  1100 | D:2      | Reached skill level 1 in Long Blades
  1100 | D:2      | Reached skill level 1 in Axes
  1100 | D:2      | Reached skill level 1 in Maces & Flails
  1100 | D:2      | Reached skill level 1 in Polearms
  1100 | D:2      | Reached skill level 1 in Staves
  1100 | D:2      | Reached skill level 1 in Slings
  1100 | D:2      | Reached skill level 1 in Bows
  1100 | D:2      | Reached skill level 1 in Crossbows
  1100 | D:2      | Reached skill level 1 in Throwing
  1100 | D:2      | Reached skill level 1 in Armour
  1100 | D:2      | Reached skill level 1 in Stealth
  1100 | D:2      | Reached skill level 1 in Shields
  1100 | D:2      | Reached skill level 1 in Evocations
  1100 | D:2      | Reached XP level 4. HP: 29/34 MP: 11/11
  1325 | D:3      | Noticed Terence
  1334 | D:3      | Killed Terence
  1446 | D:3      | Reached skill level 1 in Conjurations
  1446 | D:3      | Reached skill level 1 in Hexes
  1446 | D:3      | Reached skill level 1 in Charms
  1446 | D:3      | Reached skill level 1 in Summonings
  1446 | D:3      | Reached skill level 1 in Necromancy
  1446 | D:3      | Reached skill level 1 in Translocations
  1446 | D:3      | Reached skill level 1 in Fire Magic
  1446 | D:3      | Reached skill level 1 in Ice Magic
  1446 | D:3      | Reached skill level 1 in Air Magic
  1446 | D:3      | Reached skill level 1 in Earth Magic
  1446 | D:3      | Reached skill level 1 in Poison Magic
  1471 | D:3      | Found an iron altar of Okawaru.
  1484 | D:3      | Found a sacrificial altar of Ru.
  1487 | D:3      | Found a shimmering altar of Xom.
  1499 | D:3      | Found a white marble altar of Elyvilon.
  1872 | D:3      | Reached XP level 5. HP: 38/40 MP: 12/12
  2115 | D:3      | Reached * piety under Kikubaaqudgha
  2115 | D:3      | Identified Kikubaaqudgha's Compendium of Evil Arts
                  | (Kikubaaqudgha gifted it to you on level 3 of the Dungeon)
  2115 | D:3      | Received a gift from Kikubaaqudgha
  2625 | D:4      | Noticed Grinder
  2633 | D:4      | Paralysed by Grinder for 6 turns
  2655 | D:4      | Killed Grinder
  2655 | D:4      | Reached skill level 5 in Dodging
  2655 | D:4      | Reached XP level 6. HP: 23/47 MP: 12/14
  2813 | D:4      | Learned a level 1 spell: Animate Skeleton
  2881 | D:4      | Reached XP level 7. HP: 50/52 MP: 13/15
  3188 | D:4      | Reached skill level 7 in Unarmed Combat
  3200 | D:4      | Learned a level 2 spell: Sticks to Snakes
  3966 | D:5      | Entered Level 5 of the Dungeon
  3998 | D:5      | Reached XP level 8. HP: 32/60 MP: 10/16
  4182 | D:5      | Reached ** piety under Kikubaaqudgha
  5164 | D:6      | Got a clouded steel ring
  5165 | D:6      | Identified the ring "Otricheu" {Int+7 Stlth+} (You found it
                  | on level 6 of the Dungeon)
  5794 | D:6      | Reached XP level 9. HP: 64/66 MP: 18/18
  5803 | D:6      | Found an opulent altar of Gozag.
  5817 | D:6      | Reached *** piety under Kikubaaqudgha
  5817 | D:6      | Identified Kikubaaqudgha's Reference Book on Necromancy
                  | (Kikubaaqudgha gifted it to you on level 6 of the Dungeon)
  5817 | D:6      | Received a gift from Kikubaaqudgha
  5820 | D:6      | Reached skill level 5 in Transmutations
  5826 | D:6      | Found a sparkling altar of Nemelex Xobeh.
  5985 | D:7      | Found a bloodstained altar of Trog.
  6815 | D:7      | Reached skill level 5 in Fighting
  7414 | D:8      | Reached skill level 8 in Unarmed Combat
  7591 | D:8      | Noticed a two-headed ogre
  7608 | D:8      | Killed a two-headed ogre
  7608 | D:8      | Reached skill level 5 in Invocations
  7831 | D:9      | Found a hazy altar of Hepliaklqana.
  7869 | D:9      | Got a translucent pewter amulet
  7870 | D:9      | Identified the amulet of Dishonour {Harm *Drain MR+ Str+3
                  | Int-5} (You found it on level 9 of the Dungeon)
  7916 | D:9      | Gained mutation: Your body sometimes deteriorates upon
                  | taking damage. [potion of mutation]
  7916 | D:9      | Gained mutation: You have large cloven feet. [potion of
                  | mutation]
  7931 | D:9      | Reached XP level 10. HP: 74/74 MP: 8/20
  7937 | D:9      | Reached **** piety under Kikubaaqudgha
  8223 | D:9      | Found a staircase to the Orcish Mines.
  8271 | D:8      | Learned a level 5 spell: Blade Hands
  8276 | D:8      | Learned a level 4 spell: Summon Ice Beast
  8293 | D:9      | Reached skill level 5 in Short Blades
  8293 | D:9      | Reached skill level 5 in Long Blades
  8293 | D:9      | Reached skill level 5 in Axes
  8293 | D:9      | Reached skill level 5 in Maces & Flails
  8293 | D:9      | Reached skill level 5 in Polearms
  8293 | D:9      | Reached skill level 5 in Staves
  8293 | D:9      | Reached skill level 5 in Slings
  8293 | D:9      | Reached skill level 5 in Bows
  8293 | D:9      | Reached skill level 5 in Crossbows
  8293 | D:9      | Reached skill level 5 in Throwing
  8293 | D:9      | Reached skill level 5 in Armour
  8293 | D:9      | Reached skill level 5 in Stealth
  8293 | D:9      | Reached skill level 5 in Shields
  8293 | D:9      | Reached skill level 5 in Evocations
  8477 | D:9      | Got a translucent long sword
  8478 | D:9      | Identified the +3 long sword "Wikkexki" {protect, Int+4}
                  | (You found it on level 9 of the Dungeon)
  8868 | D:9      | Noticed a two-headed ogre
  8887 | D:10     | Entered Level 10 of the Dungeon
  8913 | D:10     | Noticed a deep elf mage
  8928 | D:10     | Killed a deep elf mage
  9003 | D:10     | Noticed a two-headed ogre
  9125 | D:10     | Killed a two-headed ogre
  9461 | D:10     | Noticed a two-headed ogre
 10008 | D:9      | Noticed a two-headed ogre
 10019 | D:9      | Killed a two-headed ogre
 10019 | D:9      | Reached XP level 11. HP: 81/81 MP: 5/22
 10203 | D:9      | Reached ***** piety under Kikubaaqudgha
 10248 | D:9      | Found a staircase to the Lair.
 10335 | D:9      | Killed a two-headed ogre
 10335 | D:9      | Reached skill level 9 in Unarmed Combat
 10510 | D:10     | Reached skill level 5 in Conjurations
 10510 | D:10     | Reached skill level 5 in Hexes
 10510 | D:10     | Reached skill level 5 in Charms
 10510 | D:10     | Reached skill level 5 in Summonings
 10510 | D:10     | Reached skill level 5 in Necromancy
 10510 | D:10     | Reached skill level 5 in Translocations
 10510 | D:10     | Reached skill level 5 in Fire Magic
 10510 | D:10     | Reached skill level 5 in Ice Magic
 10510 | D:10     | Reached skill level 5 in Air Magic
 10510 | D:10     | Reached skill level 5 in Earth Magic
 10510 | D:10     | Reached skill level 5 in Poison Magic
 10635 | D:10     | Noticed a two-headed ogre
 10644 | D:10     | Killed a two-headed ogre
 10646 | D:10     | Noticed a cyclops
 10663 | D:10     | Killed a cyclops
 10846 | Lair:1   | Entered Level 1 of the Lair of Beasts
 11347 | Lair:1   | Noticed a six-headed hydra
 11354 | Lair:1   | Learned a level 4 spell: Summon Lightning Spire
 11369 | Lair:1   | Killed a six-headed hydra
 11568 | Lair:1   | Noticed Harold
 11602 | Lair:1   | Killed Harold
 12061 | Lair:2   | Found a hole to the Spider Nest.
 12074 | Lair:2   | Noticed an eight-headed hydra
 12245 | Lair:2   | Killed an eight-headed hydra
 12370 | Lair:2   | Noticed a seven-headed hydra
 12381 | Lair:2   | Killed a seven-headed hydra
 12381 | Lair:2   | Reached XP level 12. HP: 90/90 MP: 5/24
 12434 | Lair:2   | Found a staircase to the Swamp.
 12455 | Lair:2   | Found a runed gate.
 12455 | Lair:2   | Found a runed gate.
 12479 | Lair:2   | Found a runed gate.
 12599 | Lair:2   | Noticed Americanboy's ghost (journeyman MiBe)
 13441 | Lair:3   | Reached ****** piety under Kikubaaqudgha
 13557 | Lair:3   | Received a gift from Kikubaaqudgha
 14778 | D:5      | Found a staircase to the Ecumenical Temple.
 14788 | Temple   | Entered the Ecumenical Temple
 14987 | Temple   | Fell from the grace of Kikubaaqudgha
 14987 | Temple   | Became a worshipper of Cheibriados the Contemplative
 15065 | Orc:1    | Entered Level 1 of the Orcish Mines
 15307 | D:9      | Reached * piety under Cheibriados
 15631 | Orc:1    | Hit by a large rock thrown by a cyclops

Skill      XL: |  1  2  3  4  5  6  7  8  9 10 11 12 |
---------------+-------------------------------------+-----
Spellcasting   | 5 6 7 8 |  8.9
Invocations    | 1 2 3 4 5 6 7 |  7.9
Short Blades   | 1 2 3 4 5 6 7 |  7.2
Long Blades    | 1 2 3 4 5 6 7 |  7.2
Axes           | 1 2 3 4 5 6 7 |  7.2
Maces & Flails | 1 2 3 4 5 6 7 |  7.2
Polearms       | 1 2 3 4 5 6 7 |  7.2
Staves         | 1 2 3 4 5 6 7 |  7.2
Slings         | 1 2 3 4 5 6 7 |  7.2
Bows           | 1 2 3 4 5 6 7 |  7.2
Crossbows      | 1 2 3 4 5 6 7 |  7.2
Throwing       | 1 2 3 4 5 6 7 |  7.2
Armour         | 1 2 3 4 5 6 7 |  7.2
Stealth        | 1 2 3 4 5 6 7 |  7.2
Shields        | 1 2 3 4 5 6 7 |  7.2
Evocations     | 1 2 3 4 5 6 7 |  7.2
Conjurations   | 1 2 3 4 5 6 |  6.0
Hexes          | 1 2 3 4 5 6 |  6.0
Charms         | 1 2 3 4 5 6 |  6.0
Summonings     | 1 2 3 4 5 6 |  6.0
Necromancy     | 1 2 3 4 5 6 |  6.0
Translocations | 1 2 3 4 5 6 |  6.0
Fire Magic     | 1 2 3 4 5 6 |  6.0
Ice Magic      | 1 2 3 4 5 6 |  6.0
Air Magic      | 1 2 3 4 5 6 |  6.0
Earth Magic    | 1 2 3 4 5 6 |  6.0
Poison Magic   | 1 2 3 4 5 6 |  6.0
Fighting       | 3 4 5 6 7 |  7.7
Transmutations | 4 5 6 7 |  7.2
Dodging        | 5 6 7 8 |  8.6
Unarmed Combat | 7 8 9 |  9.8

Action                   |  1- 3 |  4- 6 |  7- 9 | 10-12 || total
-------------------------+-------+-------+-------+-------++-------
Melee: Unarmed           |   104 |   109 |   362 |   176 ||   751
       Bite              |     9 |     8 |    42 |    33 ||    92
       Headbutt          |     1 |     6 |    14 |     2 ||    23
       Punch             |     2 |     1 |    19 |    14 ||    36
       Kick              |       |     4 |     9 |    83 ||    96
       Staff             |       |       |    30 |    48 ||    78
       Long sword        |       |       |       |    35 ||    35
Throw: Tomahawk          |       |       |     2 |    20 ||    22
 Cast: Beastly Appendage |     2 |     7 |    11 |     2 ||    22
       Sticks to Snakes  |       |       |    26 |    14 ||    40
       Animate Skeleton  |       |       |    31 |    36 ||    67
       Summon Ice Beast  |       |       |       |    80 ||    80
       Blade Hands       |       |       |       |    19 ||    19
       Summon Lightning  |       |       |       |    12 ||    12
Invok: Receive Corpses   |       |     1 |     4 |       ||     5
       Receive Necronomi |       |       |       |     1 ||     1
 Abil: End Transformatio |       |       |       |     3 ||     3
  Use: Scroll            |       |       |     7 |     7 ||    14
       Potion            |       |       |     3 |       ||     3
 Stab: Sleeping          |     4 |       |     6 |     1 ||    11
       Distracted        |       |       |     3 |     6 ||     9
  Eat: Chunk             |       |     7 |    14 |    27 ||    48
       Ration            |       |       |     1 |     2 ||     3
Armor: Robe              |     5 |       |       |       ||     5
       Ring mail         |    10 |    18 |    86 |    59 ||   173
Dodge: Dodged            |    58 |    50 |   238 |   266 ||   612
       Rpst.: Long sword |       |       |       |    14 ||    14
